 Dungeon Crawl Stone Soup version 0.23.2-1-ga50397a (webtiles) character file.

Game seed: 16677719855625477484

28 funkygono the Firebug (level 3, -1/19 HPs)
             Began as a Deep Elf Fire Elementalist on May 8, 2019.
             Slain by Sigmund
             ... wielding a +0 scythe
              (12 damage)
             ... on level 2 of the Dungeon.
             The game lasted 00:03:16 (903 turns).

funkygono the Firebug (Deep Elf Fire Elementalist)   Turns: 903, Time: 00:03:16

Health: -1/19      AC:  4    Str:  5    XL:     3   Next: 0%
Magic:  1/10       EV: 13    Int: 20    God:
Gold:   50         SH:  0    Dex: 15    Spells: 3/9 levels left

rFire    . . .     SeeInvis .   b - +0 short sword
rCold    . . .     Gourm    .   (no shield)
rNeg     . . .     Faith    .   a - +0 robe
rPois    .         Spirit   .   (no helmet)
rElec    .         Reflect  .   (no cloak)
rCorr    .         Harm     .   d - +1 pair of gloves
MR       .....                  (no boots)
Stlth    +++.......             (no amulet)
HPRegen  0.06/turn              p - ring of stealth
MPRegen  0.12/turn              (no ring)

@: no status effects
A: no striking features
a: no special abilities


You were on level 2 of the Dungeon.
You were not hungry.

You visited 1 branch of the dungeon, and saw 2 of its levels.

You collected 50 gold pieces.

Inventory:

Hand Weapons
 b - a +0 short sword (weapon)
Armour
 a - a +0 robe (worn)
 d - a +1 pair of gloves (worn)
 i - a +0 leather armour
Jewellery
 p - a ring of stealth (left hand)
Scrolls
 e - a scroll of teleportation
Potions
 f - a potion of lignification
 h - a potion of curing
 j - a potion of heal wounds {unknown}
 l - a potion of flight {unknown}
Comestibles
 c - a ration
 o - a chunk of flesh


   Skills:
 + Level 2.8 Dodging
 + Level 2.5 Stealth
 + Level 3.7 Spellcasting
 + Level 1.3 Conjurations
 + Level 3.8 Fire Magic


You had 3 spell levels left.
You knew the following spells:

 Your Spells              Type           Power        Failure   Level  Hunger
a - Flame Tongue          Conj/Fire      ##...        4%          1    None
b - Throw Flame           Conj/Fire      ##....       7%          2    ##.....
c - Inner Flame           Hex/Fire       ##......     19%         3    ###....

Your spell library contained the following spells:

 Spells                   Type           Power        Failure   Level  Hunger
 Conjure Flame            Conj/Fire      ##......     14%         3    ###....
 Sticky Flame             Conj/Fire      ##......     41%         4    ####...
 Fireball                 Conj/Fire      ##........   77%         5    ######.


Dungeon Overview and Level Annotations

Branches:
Dungeon (2/15)

Altars:

Annotations:
D:2 Sigmund


Message History

You hit Sigmund but do no damage.
Sigmund is heavily wounded.
You feel less confused. Sigmund closely misses you.
You closely miss Sigmund.
Sigmund is heavily wounded.
Sigmund hits you with a +0 scythe!
You closely miss Sigmund.
Sigmund is heavily wounded.
Okay, then.
Casting: Flame Tongue (safe; 4% risk of failure)
Confirm with . or Enter, or press ? or * to list all spells.
Aiming: Flame Tongue (safe; 4% risk of failure)
Press: ? - help, Shift-Dir - straight line, f/p - Sigmund
Aim: Sigmund, wielding a +0 scythe and wearing a +0 robe (heavily wounded)
The flame tongue hits Sigmund.
Sigmund is severely wounded.
Sigmund hits you with a +0 scythe!
Ouch! That really hurt!
You die...

..................
................#.##.
................#.....
.......................#
.......>................#
......................#.#
..........<.............
###...............)...#
#.####..#..@........# #.
##..##..@.......## .
#..........?.....$##
....................
##.#...######......#.
.....# ####..... .#...
.#.. ##. ... ## $.


You could see Sigmund.

Vanquished Creatures
  A gnoll (D:1)
  A dart slug (D:1)
  A giant cockroach (D:1)
  A goblin (D:1)
  A hobgoblin (D:1)
  2 jackals (D:1)
  2 kobolds
  3 bats (D:1)
  3 frilled lizards (D:1)
  3 rats (D:1)
18 creatures vanquished.

Notes
Turn   | Place    | Note
-------+----------+-------------------------------------------
     0 | D:1      | funkygono the Deep Elf Fire Elementalist began the quest
                  | for the Orb.
     0 | D:1      | Reached XP level 1. HP: 10/10 MP: 6/6
   302 | D:1      | Reached XP level 2. HP: 15/15 MP: 5/8
   307 | D:1      | Learned a level 2 spell: Throw Flame
   878 | D:2      | Reached XP level 3. HP: 19/19 MP: 7/10
   883 | D:2      | Learned a level 3 spell: Inner Flame
   884 | D:2      | Noticed Sigmund
   903 | D:2      | Slain by Sigmund

Action                   || total
-------------------------++-------
Melee: Short sword       ||     3
 Cast: Flame Tongue      ||    28
       Throw Flame       ||     7
  Use: Scroll            ||     6
Armor: Robe              ||     3
Dodge: Dodged            ||     5
